 Dungeon Crawl Stone Soup version 0.17.1-1-g73c8601 (webtiles) character file.

1766 Implojin the Grappler (level 8, -3/74 HPs)
             Began as a Troll Fighter on Mar 31, 2016.
             Was a Follower of Okawaru.
             Slain by a hill giant
             ... wielding a +0 giant club
              (44 damage)
             ... on level 10 of the Dungeon.
             The game lasted 00:08:20 (1374 turns).

Implojin the Grappler (Troll Fighter)               Turns: 1374, Time: 00:08:20

Health: -3/74      AC:  5    Str: 25    XL:     8   Next: 79%
Magic:  7/9        EV: 12    Int:  4    God:    Okawaru [*.....]
Gold:   83         SH: 11    Dex: 11    Spells: 0 memorised, 7 levels left

rFire  . . .     SeeInvis .       - Unarmed
rCold  . . .     Clarity  .     a - +0 robe
rNeg   + . .     SustAt   .     b - +0 shield
rPois  +         Gourm    +     (helmet restricted)
rElec  .         Spirit   .     (no cloak)
rCorr  .         Warding  .     (gloves unavailable)
rMut   .         Stasis   .     (boots unavailable)
MR     .....                    (no amulet)
Stlth  ++........               c - ring of poison resistance
                                g - ring of positive energy

@: heroism, not resistant to hostile enchantments, unstealthy
A: unfitting armour, claws 3, fast metabolism 3, gourmand, regeneration 2,
shaggy fur 1, tough skin 2
a: Heroism, Renounce Religion


You were on level 10 of the Dungeon.
You worshipped Okawaru.
Okawaru was aware of your devotion.
You were not hungry.

You visited 2 branches of the dungeon, and saw 11 of its levels.

You collected 83 gold pieces.

Inventory:

Hand Weapons
 k - a +0 blowgun
Missiles
 i - 6 javelins of returning
 l - 5 tomahawks (quivered)
Armour
 a - a +0 robe (worn)
 b - a +0 shield (worn)
Magical Staves
 n - an uncursed staff of energy {unknown}
Jewellery
 c - a ring of poison resistance (right claw)
 g - a ring of positive energy (left claw)
Wands
 p - a wand of frost (24)
 s - a wand of fire (9)
Scrolls
 e - a scroll of enchant weapon
 f - a scroll of remove curse
Potions
 h - a potion of haste
 m - a potion of mutation {unknown}
 q - a potion of curing
 u - a potion of might
 v - 2 potions of heal wounds
 w - a potion of lignification
Books
 j - a book of Conjurations

   Spells                             Type                      Level
   a - Magic Dart                     Conjuration                  1
   b - Searing Ray                    Conjuration                  2
   c - Dazzling Spray                 Conjuration/Hexes            3
   d - Fulminant Prism                Conjuration/Hexes            4
   e - Iskenderun's Mystic Blast      Conjuration                  4
   f - Iskenderun's Battlesphere      Conjuration/Charms           5
Comestibles
 d - 4 bread rations
 o - a slice of pizza
 r - 2 chunks of flesh
 x - 2 meat rations


   Skills:
 - Level 2.4(7.4) Fighting
 - Level 2.4(7.4) Dodging
 - Level 2.4(7.4) Shields
 - Level 10.5(15.5) Unarmed Combat
 * Level 3.8 Invocations


You had 7 spell levels left.
You didn't know any spells.

Dungeon Overview and Level Annotations

Branches:
Dungeon (10/15)            Temple (1/1) D:6
   Lair: D:8-11         Orc: D:9-12

Altars:
Ashenzari
Cheibriados
Dithmenos
Elyvilon
Fedhas
Kikubaaqudgha
Makhleb
Nemelex Xobeh
Okawaru
Qazlal
Ru
Sif Muna
Vehumet
Xom
Yredelemnul

Annotations:
D:5 Implojin's ghost, novice TrFi


Innate Abilities, Weirdness & Mutations

You are too large for most types of armour.
You have claws for hands.
Your metabolism is lightning-fast.
You like to eat raw meat.
You heal very quickly.
You are covered in fur (AC +1).
You have very tough skin (AC +2).


Message History

You closely miss the deep elf mage. The deep elf mage closely misses you.
You miss the deep elf mage.
The deep elf mage hits you with a short sword.
You mangle the deep elf mage!!
The deep elf mage is severely wounded.
The deep elf mage hits you with a short sword.
You scratch the deep elf mage.
The deep elf mage is almost dead.
You closely miss the deep elf mage.
The deep elf mage is almost dead.
You block the deep elf mage's attack.
You claw the deep elf mage!
You kill the deep elf mage!
Okawaru accepts your kill.
Your Invocations skill increases to level 3!
You see here a short sword.
There is an open door here.
Found 3 gold pieces and a war axe.
A troll comes into view.
There is an open door here.
Found 15 gold pieces.
A hill giant comes into view. It is wielding a giant club.
The hill giant shouts!
You block the hill giant's attack.
There is an open door here.
You see here a war axe.
You gain the combat prowess of a mighty hero.
You feel slightly more hungry.
The hill giant hits you with a giant club!!
* * * LOW HITPOINT WARNING * * *
You scratch the hill giant.
The hill giant is lightly wounded.
You block the hill giant's attack.
You scratch the hill giant.
The hill giant is lightly wounded.
You completely miss the hill giant.
The hill giant is lightly wounded.
The hill giant hits you with a giant club!!!
Ouch! That really hurt!
You die...

#...... #......# ##......#
................
................
..............##########
.............##......<#
#...##.....TC@........#
+###...##......##.......#######
...#...##......##.......##....#
...#...'......T+..............#
.<.'..)#.......#..............#
..##...##......##.......##....#
####...##......###########....#
........#.......'........#....#
........#$......#T.......#....#


You could see a hill giant and a troll.

Vanquished Creatures
  The ghost of Grivan the Chucker, a novice HuWn (D:4)
  A deep elf mage (D:10)
  A hungry ghost (D:9)
  2 ice beasts
  An ogre (D:6)
  A necrophage (D:7)
  A centaur (D:9)
  A phantom (D:9)
  2 giant frogs
  A scorpion (D:6)
  A giant frog zombie (D:6)
  2 crimson imps
  An orc wizard (D:5)
  2 orc priests (D:5)
  3 iguanas
  2 worker ants
  A hound zombie (D:7)
  5 adders
  5 gnolls
  A shadow imp (D:10)
  An ooze (D:5)
  An adder skeleton (D:4)
  A worm (D:4)
  5 giant geckos
  11 orcs
  A ball python (D:4)
  2 bats (D:1)
  2 giant cockroaches (D:2)
  2 goblins
  3 hobgoblins (D:1)
  4 kobolds
  3 giant newts (D:1)
  2 jackals (D:5)
  2 quokkas
  4 rats
79 creatures vanquished.

Notes
Turn   | Place    | Note
--------------------------------------------------------------
     0 | D:1      | Implojin the Troll Fighter began the quest for the Orb.
     0 | D:1      | Reached XP level 1. HP: 22/22 MP: 0/0
   143 | D:1      | Reached XP level 2. HP: 29/29 MP: 1/1
   227 | D:1      | Reached skill level 3 in Unarmed Combat
   362 | D:3      | Reached XP level 3. HP: 23/36 MP: 2/2
   521 | D:5      | Entered Level 5 of the Dungeon
   527 | D:5      | Reached skill level 4 in Unarmed Combat
   527 | D:5      | Reached XP level 4. HP: 35/44 MP: 3/3
   544 | D:5      | Reached skill level 5 in Unarmed Combat
   544 | D:5      | Reached XP level 5. HP: 39/50 MP: 4/4
   545 | D:5      | Noticed Implojin's ghost (novice TrFi)
   616 | D:4      | Reached skill level 6 in Unarmed Combat
   622 | D:4      | Found a white marble altar of Elyvilon.
   646 | D:4      | Noticed Grivan's ghost (novice HuWn)
   656 | D:4      | Killed Grivan's ghost
   656 | D:4      | Reached skill level 7 in Unarmed Combat
   656 | D:4      | Reached XP level 6. HP: 37/59 MP: 5/5
   656 | D:4      | Reached XP level 7. HP: 41/66 MP: 6/6
   749 | D:6      | Reached skill level 8 in Unarmed Combat
   898 | D:6      | Reached skill level 9 in Unarmed Combat
   940 | D:6      | Found a staircase to the Ecumenical Temple.
   949 | Temple   | Entered the Ecumenical Temple
   966 | Temple   | Became a worshipper of Warmaster Okawaru
  1057 | D:7      | Reached XP level 8. HP: 74/74 MP: 7/7
  1147 | D:9      | Reached skill level 10 in Unarmed Combat
  1198 | D:9      | Reached * piety under Okawaru
  1261 | D:9      | Reached skill level 1 in Invocations
  1279 | D:10     | Entered Level 10 of the Dungeon
  1285 | D:10     | Reached skill level 2 in Invocations
  1345 | D:10     | Reached skill level 3 in Invocations
  1353 | D:10     | Noticed a troll
  1356 | D:10     | Noticed a hill giant
  1374 | D:10     | Slain by a hill giant

Action                   |  1- 3 |  4- 6 |  7- 9 || total
-------------------------+-------+-------+-------++-------
Melee: Unarmed           |   110 |    39 |   126 ||   275
Invok: Heroism           |       |       |     1 ||     1
  Use: Scroll            |       |     1 |    10 ||    11
       Potion            |       |     1 |       ||     1
  Eat: Chunk             |     4 |       |    12 ||    16

Table legend:
 A = Turns spent in this place as a percentage of turns spent in the entire game.
 B = Non-inter-level travel turns spent in this place as a percentage of non-inter-level travel turns spent in the entire game.
 C = Inter-level travel turns spent in this place as a percentage of turns spent in this place.
 D = Turns resting spent in this place as a percentage of non-inter-level travel turns spent in this place.
 E = Turns spent auto-exploring this place as a percentage of non-inter-level travel turns spent in this place.
 F = Non-inter-level travel turns spent in this place divided by the number of levels of this place that you've seen.
                   A       B       C       D       E      F
               +-------+-------+-------+-------+-------+----------------------
         Total | 100.0 | 100.0 |   0.0 |   0.0 |   0.0 | 121.0
       Dungeon |  98.0 |  98.0 |   0.0 |   0.0 |   0.0 | 130.4
        Temple |   2.0 |   2.0 |   0.0 |   0.0 |   0.0 |  27.0
               +-------+-------+-------+-------+-------+----------------------

Table legend:
 A = Kills in this place as a percentage of kills in entire the game.
 B = Kills by you in this place as a percentage of kills by you in the entire game.
 C = Kills by friends in this place as a percentage of kills by friends in the entire game.
 D = Other kills in this place as a percentage of other kills in the entire game.
 E = Experience gained in this place as a percentage of experience gained in the entire game.
 F = Experience gained in this place divided by the number of levels of this place that you have seen.
                   A       B       C       D       E      F
               +-------+-------+-------+-------+-------+----------------------
         Total | 100.0 | 100.0 |  -nan |  -nan | 100.0 | 229.4
       Dungeon | 100.0 | 100.0 |  -nan |  -nan | 100.0 | 252.3
               +-------+-------+-------+-------+-------+----------------------
